 Dungeon Crawl Stone Soup version 0.23.0-3-gf3c87f2df8 (webtiles) character file.

Game seed: 8926409842807972998

959 Chiseanne the Sneak (level 8, 0/52 HPs)
             Began as an Octopode Warper on Feb 21, 2019.
             Slain by an ice beast (3 damage)
             ... on level 4 of the Dungeon.
             The game lasted 00:09:34 (4082 turns).

Chiseanne the Sneak (Octopode Warper)               Turns: 4082, Time: 00:09:34

Health: 0/52       AC:  1    Str: 14    XL:     8   Next: 14%
Magic:  13/13      EV: 14    Int: 16    God:
Gold:   148        SH:  0    Dex: 12    Spells: 3/13 levels left

rFire    . . .     SeeInvis .   a - +0 mace (venom)
rCold    . . .     Gourm    .   (no shield)
rNeg     . . .     Faith    .   (helmet restricted)
rPois    +         Spirit   .   (no amulet)
rElec    .         Reflect  .   i - ring of poison resistance
rCorr    .         Harm     .   t - +3 ring of strength
MR       .....                  (no ring)
Stlth    ++++......             (no ring)
HPRegen  0.17/turn              (no ring)
MPRegen  0.13/turn              (no ring)
                                (no ring)
                                (no ring)

@: no status effects
A: almost no armour, stealthy swim, amphibious, 8 rings, constrict 8, camouflage
1, gelatinous body 1
a: no special abilities


You were on level 4 of the Dungeon.
You were not hungry.

You visited 1 branch of the dungeon, and saw 4 of its levels.

You collected 148 gold pieces.

Inventory:

Hand Weapons
 a - a +0 mace of venom (weapon)
 s - a +2 whip of freezing
Missiles
 b - 147 stones
 d - 3 tomahawks of dispersal (quivered)
 e - 84 arrows
 h - 31 bolts
 l - 12 poisoned needles
 q - 4 tomahawks
Jewellery
 i - a ring of poison resistance (left tentacle)
 m - an uncursed amulet of harm
 t - a +3 ring of strength (right tentacle)
Scrolls
 c - a scroll of blinking
 k - a scroll of fear
 p - a scroll of remove curse
Potions
 g - a potion of curing
 j - 2 potions of lignification
 n - a potion of mutation
Comestibles
 f - 5 rations


   Skills:
 - Level 3.5 Fighting
   Level 2.0 Short Blades
 - Level 1.0 Throwing
 - Level 3.9 Dodging
 - Level 4.3 Stealth
 - Level 3.4 Spellcasting
 * Level 3.1 Conjurations
 - Level 4.0 Translocations
 * Level 3.1 Air Magic
 * Level 3.7 Poison Magic


You had 3 spell levels left.
You knew the following spells:

 Your Spells              Type           Power        Failure   Level  Hunger
a - Blink                 Tloc           N/A          5%          2    ##.....
b - Shroud of Golubria    Chrm/Tloc      #.........   12%         2    ##.....
c - Teleport Other        Tloc           ###.....     11%         3    ###....
d - Mephitic Cloud        Conj/Pois/Air  ##......     14%         3    ###....

Your spell library contained the following spells:

 Spells                   Type           Power        Failure   Level  Hunger
 Magic Dart               Conj           ##..         4%          1    None
 Gell's Gravitas          Tloc           ###.......   11%         3    ###....
 Lesser Beckoning         Tloc           ###.......   11%         3    ###....
 Call Imp                 Summ           #.......     26%         2    ##.....
 Slow                     Hex            #.......     26%         2    ##.....
 Conjure Flame            Conj/Fire      #.......     28%         3    ###....
 Passage of Golubria      Tloc           N/A          34%         4    ####...


Dungeon Overview and Level Annotations

Branches:
Dungeon (4/15)
 Temple: D:4-7

Altars:
Fedhas
Kikubaaqudgha
Nemelex Xobeh

Annotations:
D:3 2 transporters, 3 runed translucent doors, Yermak's ghost, weakling GnEE


Innate Abilities, Weirdness & Mutations

You cannot wear most types of armour.
You are very stealthy in the water. (Stealth+)
You are amphibious.
You can wear up to eight rings at the same time.
You can use your tentacles to constrict eight enemies at once.
Your skin changes colour to match your surroundings (Stealth+).
Your rubbery body absorbs attacks. (AC +1, EV +1)


Message History

The ice beast completely misses you.
You hit the ice beast. You squeeze the ice beast.
The ice beast is moderately wounded.
The ice beast hits you. The ice beast freezes you!
You closely miss the ice beast. Your squeeze misses the ice beast.
The ice beast is moderately wounded.
The ice beast hits you. The ice beast freezes you!
* * * LOW HITPOINT WARNING * * *
The ice beast closely misses you.
You hit the ice beast.
The ice beast is moderately wounded.
The ice beast hits you but does no damage.
You barely miss the ice beast.
The ice beast is moderately wounded.
The ice beast hits you.
* * * LOW HITPOINT WARNING * * *
The ice beast freezes you!
* * * LOW HITPOINT WARNING * * *
The ice beast hits you.
You die...

............,...................#
...........,....................#
..........,......##.....#........
###.......,........#......####..#
*.......,#.##......#o.........#
*.......,*,*#....###.#..#####.#
###.......,*,*#....# #.#.## #.#
..........,*,*#Y...# #.#'#### #.#
..........,*,*#.@..# #......# #..
..........,#.##....# #......# ###
.....##...*#.......###......# #..
..........*##........'......# #.#
######....#*#........#......#**,*
#.#W#.......###########...##.#
####.#.#.#..#..*≈≈≈≈≈≈≈≈≈*...##..
.....#.#.#..#..+≈≈≈≈,≈≈≈≈+,..#...
...........,#..*≈≈≈≈≈≈≈≈≈*,*.....


You could see an ice beast.

Vanquished Creatures
  Pikel (D:4)
  A slave (D:4)
  A phantom (D:4)
  An ogre (D:4)
  A howler monkey (D:4)
  Natasha (twice) (D:3)
  5 worker ants (D:4)
  4 adders
  3 oozes
  An adder skeleton (D:4)
  A worm (D:2)
  5 leopard geckos
  10 orcs
  A giant cockroach (D:3)
  8 hobgoblins
  2 jackals (D:3)
  6 kobolds
  2 quokkas
  10 bats
  3 frilled lizards
  6 goblins
  7 rats
81 creatures vanquished.

Vanquished Creatures (others)
  A bullfrog skeleton (D:4)
  An orc (D:4)
2 creatures vanquished.

Grand Total: 83 creatures vanquished

Notes
Turn   | Place    | Note
-------+----------+-------------------------------------------
     0 | D:1      | Chiseanne the Octopode Warper began the quest for the Orb.
     0 | D:1      | Reached XP level 1. HP: 14/14 MP: 3/3
    85 | D:1      | Reached skill level 1 in Stealth
    85 | D:1      | Reached XP level 2. HP: 18/19 MP: 5/5
   701 | D:2      | Reached XP level 3. HP: 23/25 MP: 6/6
   719 | D:2      | Learned a level 2 spell: Blink
   722 | D:2      | Learned a level 2 spell: Shroud of Golubria
  1275 | D:2      | Found a sparkling altar of Nemelex Xobeh.
  1408 | D:3      | Reached XP level 4. HP: 29/30 MP: 7/7
  1416 | D:3      | Learned a level 3 spell: Teleport Other
  1452 | D:3      | Found a transporter.
  1452 | D:3      | Found a transporter.
  1708 | D:3      | Found a blossoming altar of Fedhas.
  1709 | D:3      | Found an ancient bone altar of Kikubaaqudgha.
  1728 | D:3      | Found a blossoming altar of Fedhas.
  2444 | D:3      | Reached XP level 5. HP: 30/36 MP: 9/9
  2476 | D:3      | Noticed Natasha
  2488 | D:3      | Killed Natasha
  2581 | D:3      | Noticed a kobold demonologist
  2673 | D:3      | Found a runed translucent gate.
  2673 | D:3      | Found a runed translucent gate.
  2675 | D:3      | Found a runed translucent gate.
  2678 | D:3      | Noticed Yermak's ghost (weakling GnEE)
  2993 | D:4      | Noticed an ogre
  3004 | D:4      | Noticed an ice beast
  3012 | D:4      | Reached XP level 6. HP: 25/42 MP: 10/10
  3065 | D:3      | Noticed Natasha
  3072 | D:3      | Killed Natasha
  3367 | D:4      | Noticed a phantom
  3612 | D:4      | Noticed a phantom
  3694 | D:4      | Learned a level 3 spell: Mephitic Cloud
  3745 | D:4      | Noticed Pikel
  3745 | D:4      | Noticed a slave
  3745 | D:4      | Noticed a slave
  3746 | D:4      | Noticed a slave
  3747 | D:4      | Noticed a slave
  3752 | D:4      | Killed a slave
  3759 | D:4      | Killed Pikel
  3759 | D:4      | Reached XP level 7. HP: 39/46 MP: 12/12
  3759 | D:4      | Reached XP level 8. HP: 45/52 MP: 13/13
  4082 | D:4      | Slain by an ice beast

Skill      XL: |  1  2  3  4  5  6  7  8 |
---------------+-------------------------+-----
Stealth        | 1 2 3 4 |  4.3
Dodging        | 3 |  3.9
Fighting       | 3 |  3.5
Spellcasting   | 3 |  3.4
Translocations | 4 |  4.0
Conjurations   | 2 3 |  3.1
Air Magic      | 2 3 |  3.1
Poison Magic   | 3 |  3.7
Short Blades   | |  2.0
Throwing       | |  1.0

Action                   |  1- 3 |  4- 6 |  7- 9 || total
-------------------------+-------+-------+-------++-------
Melee: Short sword       |    68 |    24 |       ||    92
       Constrict         |    18 |    28 |       ||    46
       Tentacles         |    13 |    18 |     4 ||    35
       Mace              |       |    91 |    28 ||   119
Throw: Tomahawk          |       |       |     2 ||     2
 Cast: Shroud of Golubri |       |     1 |       ||     1
  Use: Scroll            |     7 |     3 |       ||    10
       Potion            |       |     2 |     1 ||     3
 Stab: Sleeping          |     6 |     6 |       ||    12
       Distracted        |       |     1 |       ||     1
  Eat: Chunk             |     2 |     7 |     1 ||    10
Armor: Skin              |    10 |     9 |     2 ||    21
Dodge: Dodged            |    39 |   121 |    20 ||   180
